 Dungeon Crawl Stone Soup version 0.28.0-47-ge53b351184 (webtiles) character file.

Game seed: 18176457889842154569

7333 bobregger the Bludgeoner (level 11, -8/100 HPs)
             Began as an Ogre Berserker on May 6, 2022.
             Was a Priest of Trog.
             Mangled by a deep troll (shapeshifter) (9 damage)
             ... on level 9 of the Dungeon.
             The game lasted 00:15:38 (13708 turns).

bobregger the Bludgeoner (Ogre Berserker)          Turns: 13708, Time: 00:15:39

Health: -8/100     AC:  7    Str: 23    XL:     11   Next: 13%
Magic:  11/11      EV: 14    Int:  8    God:    Trog [***...]
Gold:   472        SH:  0    Dex: 17    Spells: 10/10 levels left

rFire   . . .      SeeInvis .   m - +2 giant spiked club (vamp)
rCold   . . .      Faith    .   (shield currently unavailable)
rNeg    + . .      Spirit   .   b - +0 animal skin
rPois   .          Reflect  .   e - +2 hat of Faenimad {rN+ rCorr Dex+5}
rElec   .          Harm     .   q - +1 cloak
rCorr   +          Rampage  .   (gloves unavailable)
Will    +++..                   (boots unavailable)
Stlth   ++........              (no amulet)
HPRegen 1.26/turn               f - +4 ring of evasion
MPRegen 0.12/turn               n - ring of resist corrosion

@: strong-willed (expiring), on berserk cooldown, regenerating (expiring),
slowed, very slow
A: large, unfitting armour, tough skin 1
a: Renounce Religion, Berserk, Trog's Hand


You were on level 9 of the Dungeon.
You worshipped Trog.
Trog was most pleased with you.
You visited 1 branch of the dungeon, and saw 9 of its levels.

You collected 472 gold pieces.

Inventory:

Hand Weapons
 m - a +2 vampiric giant spiked club (weapon)
Armour
 b - a +0 animal skin (worn)
 e - the +2 hat of Faenimad (worn) {rN+ rCorr Dex+5}
   (You acquired it on level 4 of the Dungeon)

   Dex:       It affects your dexterity (+5).
   rN:        It protects you from negative energy.
   rCorr:     It protects you from acid and corrosion.
 q - a +1 cloak (worn)
Jewellery
 a - a ring of willpower
 f - a +4 ring of evasion (left hand)
 j - a +6 ring of intelligence
 n - a ring of resist corrosion (right hand)
 r - a ring of ice
 t - an amulet of faith
Wands
 h - a wand of charming (2)
 o - a wand of mindburst (13)
Scrolls
 c - 4 scrolls of fog
 i - 8 scrolls of identify
Potions
 g - 2 potions of curing
 k - a potion of magic {unknown}
 l - a potion of brilliance {unknown}
 p - a potion of invisibility {unknown}


   Skills:
 - Level 4.0 Fighting
 + Level 15.4 Maces & Flails
 - Level 2.6 Dodging


You had 10 spell levels left.
You didn't know any spells.
Your spell library was empty.

Dungeon Overview and Level Annotations

Branches:
Dungeon (9/15)             Temple (0/1) D:4            Lair (0/6) D:8
    Orc: D:9-12

Altars:
Fedhas
Hepliaklqana
Okawaru
Sif Muna
Uskayaw
Vehumet
Zin

Shops:
D:2 ((   D:6 *

Annotations:
D:5 1 runed translucent door, pkoi's ghost, amateur DgGl


Innate Abilities, Weirdness & Mutations

You are too large for most types of armour.
You have tough skin. (AC +1)


Message History

You are no longer berserk.
You are exhausted.
You feel yourself slow down.
The shapeshifter changes into a deep troll!
An eight-headed hydra comes into view.
The deep troll barely misses you. The deep troll misses you.
The deep troll claws you but does no damage.
You see here an ugly thing corpse.
You hit the deep troll.
The deep troll is lightly wounded.
The deep troll misses you. The deep troll claws you.
The deep troll barely misses you.
You impale the deep troll!!
You feel better.
The deep troll is moderately wounded.
The deep troll misses you. The deep troll claws you. The deep troll claws you!
The deep troll closely misses you. The deep troll claws you.
The deep troll barely misses you. The deep troll bites you!
The deep troll closely misses you. The deep troll claws you.
Things that are here:
a +0 giant club; a +0 giant club; a two-headed ogre corpse The deep troll bites you but does no damage.
The deep troll claws you! x2
Your skin crawls.
You feel strong-willed. The deep troll closely misses you.
The deep troll completely misses you. The deep troll claws you!
The deep troll bites you. The deep troll claws you!
* * * LOW HITPOINT WARNING * * *
The deep troll claws you but does no damage.
You feel the effects of Trog's Hand fading.
The deep troll bites you!
* * * LOW HITPOINT WARNING * * *
The deep troll claws you but does no damage.
The deep troll claws you!
* * * LOW HITPOINT WARNING * * *
The deep troll bites you!
* * * LOW HITPOINT WARNING * * *
The deep troll barely misses you. The deep troll claws you!
You die...

§§.≈.≈......#....#...............
≈§≈≈.≈..)...#....#...............
.§...≈......#....#...............
≈≈.≈≈≈.)...('....#...............
........†..)#....#...............
............#....#...............
............#....#.).............
............#....#..)............
+##....#########@##'#######...###
.............. #TD........#....#.
.............. +..........#....#.
.............. #..........#....#.
.............. #....).....#....#.
.......####+## #####.#..####'####
.......# #)######### ..######
#†......... ..+....# #.#.#....##


You could see an eight-headed hydra and a deep troll shaped shifter.

Vanquished Creatures
  A hydra (D:9)
  A two-headed ogre (D:9)
  An ugly thing (D:9)
  An elephant (D:8)
  Joseph (D:9)
  Grinder (D:3)
  Prince Ribbit (D:5)
  Sigmund (D:5)
  A basilisk (D:8)
  A vampire (D:9)
  A wyvern (D:7)
  Eustachio (D:6)
  4 vampire mosquitoes (D:7)
  Menkaure (D:6)
  A water moccasin (D:7)
  4 orc warriors
  A hornet zombie (D:6)
  2 ice beasts
  3 ogres
  A black bear (D:8)
  A necrophage (D:4)
  A phantom (D:5)
  A centaur (D:7)
  3 bullfrogs
  A wyvern zombie (D:8)
  A gnoll sergeant (D:6)
  A water moccasin zombie (D:7)
  Dowan (D:5)
  4 killer bees (D:9)
  5 wights (D:6)
  A howler monkey (D:5)
  2 centaur zombies (D:7)
  A centaur skeleton (D:4)
  A bullfrog zombie (D:7)
  5 hounds
  2 jellies
  2 orc priests
  Crazy Yiuf (D:6)
  Ijyb (D:3)
  3 iguanas
  A scorpion zombie (D:4)
  8 orc wizards
  A killer bee zombie (D:6)
  A hound skeleton (D:2)
  2 howler monkey skeletons (D:7)
  2 adders
  8 gnolls
  3 shadow imps
  4 white imps
  2 ufetubi
  An adder skeleton (D:4)
  3 worms
  A dart slug (D:1)
  26 orcs
  5 endoplasms
  5 giant cockroaches
  8 goblins
  5 hobgoblins
  3 jackals (D:1)
  10 kobolds
  7 quokkas
  9 ball pythons
  2 bats
  3 frilled lizards
  7 rats
194 creatures vanquished.

Vanquished Creatures (collateral kills)
  Duvessa (D:5)
1 creature vanquished.

Vanquished Creatures (others)
  An ogre (D:5)
  A demonic plant (D:2)
  A fungus (D:6)
  A plant (D:3)
4 creatures vanquished.

Grand Total: 199 creatures vanquished

Notes
Turn   | Place    | Note
-------+----------+-------------------------------------------
     0 | D:1      | bobregger the Ogre Berserker began the quest for the Orb.
     0 | D:1      | Reached XP level 1. HP: 24/24 MP: 1/1
    71 | D:1      | Reached skill level 3 in Maces & Flails
   377 | D:1      | Reached XP level 2. HP: 32/32 MP: 2/2
   976 | D:1      | Reached XP level 3. HP: 37/39 MP: 3/3
  1304 | D:2      | Reached ** piety under Trog
  1305 | D:2      | Reached skill level 4 in Maces & Flails
  1515 | D:2      | Found a faded altar of an unknown god.
  1672 | D:2      | Found Votryobb's Antique Weapon Emporium.
  1842 | D:2      | Reached XP level 4. HP: 45/48 MP: 4/4
  1866 | D:2      | Found Edwudauc's Antique Weapon Shop.
  1913 | D:2      | Found a shimmering blue altar of Sif Muna.
  2201 | D:3      | Noticed Grinder
  2214 | D:3      | Killed Grinder
  2215 | D:3      | Reached skill level 6 in Maces & Flails
  2215 | D:3      | Reached XP level 5. HP: 54/54 MP: 5/5
  2215 | D:3      | Reached XP level 6. HP: 62/62 MP: 6/6
  2360 | D:3      | Noticed Ijyb
  2379 | D:3      | Killed Ijyb
  2469 | D:3      | Found a radiant altar of Vehumet.
  3830 | D:4      | Reached skill level 7 in Maces & Flails
  3830 | D:4      | Reached XP level 7. HP: 26/70 MP: 7/7
  4108 | D:4      | Identified the +3 kite shield of Honesty {Fly Stlth+}
  4325 | D:4      | Identified a scroll of acquirement
  4325 | D:4      | Acquired the +2 hat of Faenimad {rN+ rCorr Dex+5}
  4405 | D:4      | Reached skill level 8 in Maces & Flails
  5004 | D:4      | Found a staircase to the Ecumenical Temple.
  5227 | D:5      | Entered Level 5 of the Dungeon
  5473 | D:5      | Reached XP level 8. HP: 51/78 MP: 8/8
  5808 | D:5      | Noticed Dowan
  5808 | D:5      | Noticed Duvessa
  5823 | D:5      | Killed Duvessa
  5824 | D:5      | Reached skill level 9 in Maces & Flails
  5834 | D:5      | Found a runed translucent door.
  5835 | D:5      | Noticed pkoi's ghost (amateur DgGl)
  5853 | D:5      | Killed Dowan
  5898 | D:5      | HP: 1/78 [orc warrior/+0 hand axe (13)]
  6196 | D:5      | Noticed Sigmund
  6207 | D:5      | Found a hazy altar of Hepliaklqana.
  6210 | D:5      | Killed Sigmund
  6488 | D:5      | Reached skill level 10 in Maces & Flails
  6543 | D:5      | Noticed Prince Ribbit
  6554 | D:5      | Killed Prince Ribbit
  6710 | D:5      | Reached XP level 9. HP: 84/84 MP: 9/9
  7260 | D:6      | Noticed Eustachio
  7282 | D:6      | Killed Eustachio
  7283 | D:6      | Reached skill level 11 in Maces & Flails
  7724 | D:6      | Noticed Menkaure
  7731 | D:6      | Killed Menkaure
  8291 | D:6      | Reached *** piety under Trog
  8292 | D:6      | Reached skill level 12 in Maces & Flails
  9072 | D:6      | Found a runed translucent door.
  9073 | D:6      | Noticed Crazy Yiuf
  9142 | D:6      | Killed Crazy Yiuf
  9194 | D:6      | Found Ziliapte's Fire Supplies.
 10025 | D:7      | Reached XP level 10. HP: 45/92 MP: 10/10
 10396 | D:7      | Reached skill level 13 in Maces & Flails
 10638 | D:7      | Found a large runed translucent door.
 10639 | D:7      | Found a large runed translucent door.
 10788 | D:7      | Identified the +8 mace "Ziryhasch" {drain, rElec}
 11052 | D:7      | Found a glowing silver altar of Zin.
 11055 | D:7      | Found a blossoming altar of Fedhas.
 11187 | D:8      | Found a staircase to the Lair.
 11193 | D:8      | Noticed an elephant
 11207 | D:8      | Killed an elephant
 11227 | D:8      | Reached skill level 14 in Maces & Flails
 12737 | D:9      | Noticed Joseph
 12758 | D:9      | Killed Joseph
 12826 | D:9      | Found a hide-covered altar of Uskayaw.
 12990 | D:9      | Reached **** piety under Trog
 13590 | D:9      | Found an iron altar of Okawaru.
 13676 | D:9      | Noticed a six-headed hydra
 13677 | D:9      | Noticed a green ugly thing
 13678 | D:9      | Noticed a two-headed ogre
 13689 | D:9      | Killed a six-headed hydra
 13692 | D:9      | Killed a two-headed ogre
 13692 | D:9      | Noticed a cane toad
 13693 | D:9      | Reached skill level 15 in Maces & Flails
 13693 | D:9      | Reached XP level 11. HP: 100/100 MP: 11/11
 13697 | D:9      | Killed a green ugly thing
 13697 | D:9      | Noticed a deep troll
 13697 | D:9      | a shapeshifter changed into a deep troll
 13698 | D:9      | Noticed an eight-headed hydra
 13708 | D:9      | HP: 1/100 [deep troll (shapeshifter) (9)]
 13708 | D:9      | Mangled by a deep troll (shapeshifter)

Illustrated notes

Levels and vault maps discovered:
D:1:      tarquinn_simple_flora_water_b, layout_basic, minmay_misc_feat_tiny
D:2:      layout_basic, basic_altar, serial_shops, nicolae_shop_trees,
          nicolae_shop_statue_plus, shapermc_ecumenical_altar_gd,
          kennysheep_generic_room_4
D:3:      layout_loops_ring, amcnicky_altar_gilded, serial_bayou_ford_a,
          roderic_lattice_a, grunt_ministairs_12, minivault_5, uniq_ijyb,
          uniq_grinder
D:4:      layout_loops_ring, minmay_temple_entry_enclosed_plants
D:5:      layout_basic, mainiacjoe_overflow_boulevard, gammafunk_ghost_grave,
          uniq_duvessa, uniq_prince_ribbit1, uniq_sigmund
D:6:      layout_layer_cave, nicolae_shop_fire_sale [nicolae_sub_dead_trees],
          grunt_ministairs_1, uniq_crazy_yiuf_cottage, uniq_eustachio,
          uniq_menkaure
D:7:      layout_basic, jmf_multi_god_temple2, minmay_stone_trees_large
D:8:      layout_basic, david_lair_generic, item_on_display_a
D:9:      minmay_tri_box, layout_grid_maze, kennysheep_little_box,
          mainiacjoe_overflow_concentric_impassable, uniq_joseph, uniq_erolcha,
          uniq_maurice

Skill      XL: |  1  2  3  4  5  6  7  8  9 10 |
---------------+-------------------------------+-----
Maces & Flails | 3 4 6 7 8 10 12 15 | 15.4
Fighting       | |  4.0
Dodging        | |  2.6

Action                   |  1- 3 |  4- 6 |  7- 9 | 10-12 || total
-------------------------+-------+-------+-------+-------++-------
Melee: Mace              |    99 |   112 |   105 |       ||   316
       Punch             |       |     4 |     2 |       ||     6
       Giant spiked club |       |       |   170 |   148 ||   318
Invok: Berserk           |     2 |     4 |    11 |     6 ||    23
       Trog's Hand       |       |     1 |     2 |     1 ||     4
Evoke: Wand              |       |       |     2 |     6 ||     8
  Use: Scroll            |       |       |     9 |     5 ||    14
       Potion            |       |       |     4 |     4 ||     8
 Stab: Sleeping          |     2 |       |     1 |       ||     3
Armor: Animal skin       |    31 |    20 |   104 |    76 ||   231
Dodge: Dodged            |    60 |    59 |   218 |   123 ||   460
